 Dungeon Crawl Stone Soup version 0.21.1-1-g345015f (webtiles) character file.

104 diana the Cutter (level 5, -1/32 HPs)
             Began as a Kobold Berserker on May 27, 2018.
             Was a Believer of Trog.
             Slain by an orc
             ... wielding a +0 flail
              (10 damage)
             ... on level 3 of the Dungeon.
             The game lasted 00:04:37 (2367 turns).

diana the Cutter (Kobold Berserker)                 Turns: 2367, Time: 00:04:38

Health: -1/32      AC:  2    Str: 14    XL:     5   Next: 7%
Magic:  5/5        EV: 14    Int:  9    God:    Trog [**....]
Gold:   105        SH:  0    Dex: 15    Spells: 4/4 levels left

rFire    + . .     SeeInvis .   a - +0 short sword
rCold    + + .     Gourm    .   (shield restricted)
rNeg     . . .     Faith    .   b - +0 animal skin
rPois    .         Spirit   .   (no helmet)
rElec    .         Reflect  .   l - scarf {rC+ rF+}
rCorr    .         Harm     .   (no gloves)
MR       .....                  (no boots)
Stlth    +.........             (no amulet)
HPRegen  0.10/turn              f - ring of protection from cold
MPRegen  0.09/turn              (no ring)

@: drained
A: small, carnivore
a: Berserk, Trog's Hand, Burn Spellbooks, Renounce Religion


You were on level 3 of the Dungeon.
You worshipped Trog.
Trog was pleased with you.
You were full.

You visited 1 branch of the dungeon, and saw 3 of its levels.

You collected 105 gold pieces.

Inventory:

Hand Weapons
 a - a +0 short sword (weapon)
Armour
 b - a +0 animal skin (worn)
 l - a scarf of resistance (worn)
Jewellery
 f - a ring of protection from cold (left hand)
 i - an uncursed ring of wizardry {unknown}
Wands
 j - a wand of paralysis (8)
Scrolls
 e - a scroll of fear {unknown}
 g - 4 scrolls of identify {unknown}
 k - a scroll of remove curse {unknown}
 m - a scroll of random uselessness {unknown}
 s - a scroll of amnesia {unknown}
Potions
 d - a potion of cancellation {unknown}
 h - 3 potions of might {unknown}
 n - a potion of invisibility {unknown}
 o - a potion of lignification {unknown}
 p - a potion of magic {unknown}
 q - a potion of agility {unknown}
 r - a potion of heal wounds {unknown}
Comestibles
 c - 2 rations


   Skills:
 - Level 3.2(2.5) Fighting
 + Level 7.1(6.2) Short Blades
 - Level 1.5(0.8) Armour
 - Level 2.4(1.6) Dodging


You had 4 spell levels left.
You didn't know any spells.

Dungeon Overview and Level Annotations

Branches:
Dungeon (3/15)

Altars:
Ashenzari


Innate Abilities, Weirdness & Mutations

You are small and have problems with some larger weapons.
You are carnivorous and can eat meat at any time.


Message History

You closely miss the kobold.
The kobold hits you with a dagger of draining.
You feel drained.
You barely miss the kobold.
The kobold hits you with a dagger of draining.
You feel drained.
You hit the kobold.
The kobold is heavily wounded.
You hit the kobold.
You kill the kobold!
Trog accepts your kill.
The orc throws a tomahawk of returning.
The tomahawk of returning hits you.
You hit the rat but do no damage. You hit the rat.
You kill the rat!
Trog accepts your kill.
The orc throws a tomahawk of returning.
The tomahawk of returning hits you!
* * * LOW HITPOINT WARNING * * *
The orc hits you with a flail!
You die...

###########
.........>#####
...###.......# #..
#.......# #.. #.......#
#'###.. #.......#
.......###.......#######
(.....o@(..........†..).
......###########.######
..... #.# .... #.# ...
#.###### .. #.#..... .
#.#.#### #.#.# #.#.#


You could see an orc.

Vanquished Creatures
  2 adders (D:2)
  4 worms (D:2)
  3 dart slugs
  4 leopard geckos
  2 orcs (D:3)
  7 giant cockroaches
  6 goblins
  11 hobgoblins
  9 kobolds
  4 bats (D:1)
  2 frilled lizards
  2 rats
56 creatures vanquished.

Vanquished Creatures (others)
  A frilled lizard (D:3)
1 creature vanquished.

Grand Total: 57 creatures vanquished

Notes
Turn   | Place    | Note
-------+----------+-------------------------------------------
     0 | D:1      | diana the Kobold Berserker began the quest for the Orb.
     0 | D:1      | Reached XP level 1. HP: 14/14 MP: 1/1
    40 | D:1      | Reached XP level 2. HP: 14/19 MP: 2/2
   141 | D:1      | Reached skill level 5 in Short Blades
   309 | D:1      | Reached XP level 3. HP: 19/23 MP: 3/3
   381 | D:1      | Reached ** piety under Trog
   934 | D:2      | Reached skill level 6 in Short Blades
  1182 | D:2      | Found a shattered altar of Ashenzari.
  1243 | D:2      | Reached XP level 4. HP: 6/28 MP: 4/4
  2126 | D:2      | Reached skill level 7 in Short Blades
  2312 | D:3      | Reached XP level 5. HP: 28/32 MP: 5/5
  2367 | D:3      | Slain by an orc

Skill      XL: |  1  2  3  4 |
---------------+-------------+-----
Short Blades   | 5 6 7 |  7.1
Fighting       | |  3.2
Armour         | |  1.5
Dodging        | |  2.4

Action                   |  1- 3 |  4- 6 || total
-------------------------+-------+-------++-------
Melee: Short sword       |   141 |   112 ||   253
 Stab: Sleeping          |       |     1 ||     1
  Eat: Chunk             |     2 |     7 ||     9
Armor: Animal skin       |    14 |     4 ||    18
Dodge: Dodged            |    82 |    64 ||   146
